 Dungeon Crawl Stone Soup version 0.31-a0-799-g6bc09d010c (webtiles) character file.

Game seed: 8860409091225647720

1 LustLizard the Firebug (level 1, 0/10 HPs)
             Began as a Gargoyle Fire Elementalist on Sept 20, 2023.
             Frozen to death by an endoplasm (2 damage)
             ... on level 1 of the Dungeon.
             The game lasted 00:00:24 (113 turns).

LustLizard the Firebug (Gargoyle Fire Elementalist)  Turns: 113, Time: 00:00:24

Health: 0/10       AC:  4    Str: 11    XL:     1   Next: 20%
Magic:  0/3        EV: 11    Int: 15    God:
Gold:   0          SH:  0    Dex: 10    Spells: 3/4 levels left

rFire   . . .        (no weapon)
rCold   . . .        (no shield)
rNeg    + . .        a - +0 robe
rPois   ∞            (no helmet)
rElec   +            (no cloak)
rCorr   .            (no gloves)
SInv    .            (no boots)
Will    .....        (no amulet)
Stlth   ++           (no ring)
HPRegen 0.21/turn    (no ring)
MPRegen 0.08/turn

%: no passive effects
@: no status effects
A: sickness immunity, AC +2, negative energy resistance 1, electricity
resistance, torment resistance 1, petrification resistance
a: no special abilities


You were on level 1 of the Dungeon.
You visited 1 branch of the dungeon, and saw 1 of its levels.

Inventory:

Armour
 a - a +0 robe (worn)
Potions
 b - a potion of magic


   Skills:
 + Level 0.0 Fighting
 - Level 1.5 Dodging
 + Level 2.2 Stealth
 + Level 2.0 Spellcasting
 + Level 1.1 Conjurations
 * Level 3.0 Fire Magic


You had 3 spell levels left.
You knew the following spells:

 Your Spells              Type           Power      Damage    Failure   Level
a - Foxfire               Conj/Fire      28%        2x1d5     10%         1

Your spell library contained the following spells:

 Spells                   Type           Power      Damage    Failure   Level
 Scorch                   Fire           20%        2d5       10%         2
 Inner Flame              Hex/Fire       6%         N/A       34%         3
 Volatile Blastmotes      Fire/Tloc      12%        2d11      34%         3
 Flame Wave               Conj/Fire      7%         2d5       67%         4


Dungeon Overview and Level Annotations

Branches:
Dungeon (1/15)

Altars:


Innate Abilities, Weirdness & Mutations

You are immune to sickness and miasma.
Your stone body is resilient. (AC +2)
You are immune to poison.
You resist negative energy. (rN+)
You are resistant to electric shocks. (rElec)
You are resistant to unholy torment.
You are immune to petrification.


Message History

Welcome, LustLizard the Gargoyle Fire Elementalist.
It's a long way down to the Orb of Zot, but that shouldn't be any trouble.
Press ? for a list of commands and other information.
Found a staircase leading out of the dungeon.
A hobgoblin comes into view.
You see here 12 gold pieces.
You conjure some foxfire!
You conjure some foxfire!
You conjure some foxfire!
The hobgoblin shouts!
You are out of magic!
The foxfire hits the hobgoblin.
The hobgoblin is severely wounded.
Your foxfire dissipates!
The foxfire hits the hobgoblin.
The hobgoblin is almost dead.
You are out of magic!
You are out of magic!
A dart slug comes into view.
An endoplasm comes into view.
Found a green potion.
The endoplasm quivers.
You conjure some foxfire!
The foxfire hits the hobgoblin.
You kill the hobgoblin!
The foxfire hits the endoplasm.
The endoplasm is severely wounded.
You see here a hobgoblin corpse.
The endoplasm freezes you.
You are frozen.
The endoplasm freezes you.
You are frozen.
Ouch! That really hurt!
* * * LOW HITPOINT WARNING * * *
The endoplasm freezes you.
You are frozen.
You die...

#...###..#.##.#.#
#...§....#.##.#.#
#....##..#.##.#.# ## #
#....##....##...# ...###
.#.....#....##...######
#...
.#....................w
#...
.#######$.........###...
#... .
#.......J†......... ##..
########.@.#..###.. #..
#......... ##.
#..........# #.
!..#.#....... #.
##............ .#
#..#.#....... ..
............. ##
..##........


You could see an endoplasm.

Vanquished Creatures
  A hobgoblin (D:1)
1 creature vanquished.

Vanquished Creatures (others)
  5 foxfires (D:1)
5 creatures vanquished.

Grand Total: 6 creatures vanquished

Notes
Turn   | Place    | Note
-------+----------+-------------------------------------------
     0 | D:1      | LustLizard the Gargoyle Fire Elementalist began the quest
                  | for the Orb.
     0 | D:1      | Reached XP level 1. HP: 10/10 MP: 3/3
   113 | D:1      | Frozen to death by an endoplasm

Illustrated notes

Levels and vault maps discovered:
D:1:      spicycebolla_green_bress_n_ham, layout_rooms, serial_co_window_serial,
          co_window_paths_a, co_window_cross_1, co_window_paths_a,
          co_window_corner_a, co_window_of_opportunity_a,
          co_window_of_opportunity_b, co_window_unsneaky_path_b,
          co_window_2corner, co_window_of_opportunity_b, co_window_cross_4,
          co_window_corner_b, co_window_corner_b, glass_columns_a,
          glass_columns_c, glass_columns_a, glass_columns_b, serial_shops, shop,
          nrook_loot_triangle

Action                     || total
---------------------------++-------
   Cast: Foxfire           ||     4

Table legend: (Time is in decaauts)
 A = Elapsed time spent in this place.
 B = Non-inter-level travel time spent in this place.
 C = Inter-level travel time spent in this place.
 D = Time resting spent in this place.
 E = Time spent auto-exploring this place.
 F = Levels seen in this place.
 G = Mean time per level.
                   A        B        C        D        E       F      G
               +--------+--------+--------+--------+--------+-----+--------+
         Total |    113 |    113 |      0 |      0 |     89 |   1 |  113.0 |
       Dungeon |    113 |    113 |      0 |      0 |     89 |   1 |  113.0 |
               +--------+--------+--------+--------+--------+-----+--------+

Top non-repeatable levels by time:
     D:1: 113 daAuts
